 Dungeon Crawl Stone Soup version 0.31-a0-626-g8143ab4f1d (webtiles) character file.

Game seed: 13908833112355830177

110 Maratek the Covered (level 4, 0/38 HPs)
             Began as a Demigod Fighter on Aug 24, 2023.
             Succumbed to a water moccasin's poison
             ... in a sewer.
             The game lasted 00:03:30 (2127 turns).

Maratek the Covered (Demigod Fighter)               Turns: 2127, Time: 00:03:31

Health: 0/38       AC:  8    Str: 27    XL:     4   Next: 35%
Magic:  6/6        EV:  9    Int: 10    God:
Gold:   148        SH:  4    Dex: 13    Spells: 3/3 levels left

rFire   . . .        a - +0 war axe
rCold   . . .        c - +0 buckler
rNeg    . . .        b - +0 scale mail
rPois   .            (no helmet)
rElec   .            i - +0 cloak
rCorr   .            (no gloves)
SInv    .            (no boots)
Will    +....        (no amulet) Stlth
                     k - ring of willpower
HPRegen 0.26/turn    m - +6 ring of strength
MPRegen 0.10/turn

%: no passive effects
@: lethally poisoned (0 -> -4)
A: high MP 1, forlorn, divine attributes
a: no special abilities


You were in a sewer.
You visited 1 branch of the dungeon, and saw 3 of its levels.
You also visited: Sewer.

You collected 148 gold pieces.

Inventory:

Hand Weapons
 a - a +0 war axe (weapon)
Armour
 b - a +0 scale mail (worn)
 c - a +0 buckler (worn)
 i - a +0 cloak (worn)
Jewellery
 k - a ring of willpower (left hand)
 m - a +6 ring of strength (right hand)
Scrolls
 e - a scroll of enchant armour {unknown}
 f - a scroll of identify {unknown}
 j - a scroll of revelation {unknown}
 n - a scroll of vulnerability {unknown}
 r - a scroll of butterflies {unknown}
Potions
 d - 2 potions of might
 g - 2 potions of degeneration {unknown}
 h - a potion of curing {unknown}
 l - a potion of lignification {unknown}
 o - 2 potions of brilliance {unknown}
 p - a potion of mutation {unknown}
 q - a potion of haste {unknown}


   Skills:
 + Level 3.1 Fighting
 + Level 3.0 Axes
 + Level 3.3 Armour
 + Level 0.3 Dodging
 + Level 0.1 Stealth
 + Level 3.2 Shields


You had 3 spell levels left.
You didn't know any spells.
Your spell library contained the following spells:

 Spells                   Type           Power      Damage    Failure   Level
 Blink                    Tloc           0%         N/A       83%         2
 Lesser Beckoning         Tloc           0%         N/A       83%         2
 Momentum Strike          Conj/Tloc      0%         3d8       83%         2


Dungeon Overview and Level Annotations

Branches:
Dungeon (3/15)              Sewer (1/1)

Shops:
D:1 :


Innate Abilities, Weirdness & Mutations

You have an increased reservoir of magic. (+10% MP)
You shall have no god before yourself.
Your divine heritage dramatically boosts your attributes as you level up.


Message History

You closely miss the water moccasin.
The water moccasin is lightly wounded.
You feel very sick. You block the water moccasin's attack.
The water moccasin misses you.
You slash the water moccasin!
The water moccasin is severely wounded.
You feel very sick.
The water moccasin bites you but does no damage. x2
You barely miss the water moccasin.
The water moccasin is severely wounded.
You feel sick.
The water moccasin completely misses you.
The water moccasin closely misses you.
You barely miss the water moccasin.
The water moccasin is severely wounded.
You feel sick. The water moccasin bites you.
You are more poisoned.
The water moccasin poisons you! The water moccasin barely misses you.
You are too injured to fight recklessly!
You are too injured to fight recklessly!
You are too injured to fight recklessly!
You are too injured to fight recklessly!
You barely miss the water moccasin.
The water moccasin is severely wounded.
You feel very sick. You block the water moccasin's attack.
The water moccasin bites you.
You miss the water moccasin.
The water moccasin is severely wounded.
You feel very sick. The water moccasin bites you.
* * * LOW HITPOINT WARNING * * *
You closely miss the water moccasin.
The water moccasin is severely wounded.
* * * LOW HITPOINT WARNING * * *
You feel sick.
The water moccasin bites you but does no damage.
You block the water moccasin's attack.
You closely miss the water moccasin.
The water moccasin is severely wounded.
You die...

######## #
###.~..~.### #
###..~..~...@### #
###.....####~~.S~#
###.~.~~###
###...~.#
.~~....##
##~~~~~.#
###....~# ...~###
# ###...~~# ..##~$
# ###.~.~. ### (?#
# ##.~.. ## ####


You could see a water moccasin.

Vanquished Creatures
  Jessica (D:2)
  An adder (D:3)
  A river rat (D:3)
  A dart slug (D:1)
  4 bats
  5 endoplasms
  A giant cockroach (D:1)
  5 goblins
  3 hobgoblins
  9 jackals
  5 kobolds
  4 quokkas
  7 ball pythons
  4 frilled lizards
  8 rats
59 creatures vanquished.

Notes
Turn   | Place    | Note
-------+----------+-------------------------------------------
     0 | D:1      | Maratek the Demigod Fighter began the quest for the Orb.
     0 | D:1      | Reached XP level 1. HP: 18/18 MP: 3/3
   175 | D:1      | Reached XP level 2. HP: 20/25 MP: 4/4
   209 | D:1      | Found Ocraan's Book Shop.
   645 | D:1      | Reached XP level 3. HP: 23/30 MP: 5/5
  1231 | D:2      | Noticed Jessica
  1245 | D:2      | Killed Jessica
  1789 | D:3      | Reached XP level 4. HP: 38/38 MP: 6/6
  1941 | D:3      | Found a glowing drain.
  2059 | Sewer    | Entered a sewer
  2114 | Sewer    | Noticed a water moccasin
  2127 | Sewer    | Succumbed to a water moccasin's poison

Illustrated notes

Levels and vault maps discovered:
D:1:      lightli_arrival_noodles, layout_basic, serial_shops, shop,
          st_stairs_6, minmay_misc_feat_ornament
D:2:      layout_rooms, uniq_jessica
D:3:      layout_rooms, nicolae_uskayaw_murder_on_the_dancefloor,
          gammafunk_temple_overflow_elements, gup_sewer_entry_bubbles,
          minmay_misc_feat_secret_circle
Sewer:    sewer_the_moccasin

Skill      XL: |  1  2  3  4 |
---------------+-------------+-----
Shields        | 3 |  3.2
Axes           | 2 3 |  3.0
Armour         | 3 |  3.3
Fighting       | 3 |  3.1
Dodging        | |  0.3
Stealth        | |  0.1

Action                     |  1- 3 |  4- 6 || total
---------------------------+-------+-------++-------
  Melee: War axe           |   124 |    46 ||   170
 Armour: Scale mail        |    74 |    34 ||   108
  Dodge: Dodged            |    54 |    19 ||    73
  Block: Buckler           |    32 |    12 ||    44

Table legend: (Time is in decaauts)
 A = Elapsed time spent in this place.
 B = Non-inter-level travel time spent in this place.
 C = Inter-level travel time spent in this place.
 D = Time resting spent in this place.
 E = Time spent auto-exploring this place.
 F = Levels seen in this place.
 G = Mean time per level.
                   A        B        C        D        E       F      G
               +--------+--------+--------+--------+--------+-----+--------+
         Total |   2238 |   2105 |    133 |    215 |   1479 |   4 |  559.5 |
       Dungeon |   2161 |   2028 |    133 |    215 |   1435 |   3 |  720.3 |
         Sewer |     77 |     77 |      0 |      0 |     44 |   1 |   77.0 |
               +--------+--------+--------+--------+--------+-----+--------+

Top non-repeatable levels by time:
     D:1: 1188 daAuts
     D:2: 570 daAuts
     D:3: 402 daAuts
   Sewer: 77 daAuts
